 Dungeon Crawl Stone Soup version 0.30.0-30-g96aa6591b8 (webtiles) character file.

Game seed: 1928748644375392560

6959 LustLizard the Zephyrmancer (level 10, -2/60 HPs)
             Began as a Deep Elf Air Elementalist on June 28, 2023.
             Was a Believer of Vehumet.
             Slain by a warg (14 damage)
             ... on level 8 of the Dungeon.
             The game lasted 00:18:02 (12139 turns).

LustLizard the Zephyrmancer (DEAE)                 Turns: 12139, Time: 00:18:03

Health: -2/60      AC:  6    Str:  5    XL:     10   Next: 81%
Magic:  0/25       EV: 15    Int: 25    God:    Vehumet [**....]
Gold:   597        SH:  0    Dex: 15    Spells: 18/28 levels left

rFire   . . .        p - +0 sling "Killer Klown's Foe" {drain, rElec Will+ Str-4 Stlth+}
rCold   + . .        (no shield)
rNeg    . . .        q - +2 robe "Zalec" {rElec Int+4 SInv}
rPois   .            v - +0 helmet
rElec   +            (no cloak)
rCorr   .            d - +0 pair of gloves
SInv    +            (no boots)
Will    ++...        (no amulet)
Stlth   ++++         l - ring of protection from cold
HPRegen 0.30/turn    (no ring)
MPRegen 0.19/turn

%: no passive effects
@: no status effects
A: no striking features
a: Renounce Religion


You were on level 8 of the Dungeon.
You worshipped Vehumet.
Vehumet was pleased with you.
You visited 2 branches of the dungeon, and saw 10 of its levels.
You also visited: Bailey.

You collected 597 gold pieces.

Inventory:

Hand Weapons
 p - the +0 sling "Killer Klown's Foe" (weapon) {drain, rElec Will+ Str-4 Stlth+}
   (You found it on level 4 of the Dungeon)

   Str:       It affects your strength (-4).
   rElec:     It insulates you from electricity.
   Will:      It increases your willpower.
   Stlth:     It makes you more stealthy.
Armour
 d - a +0 pair of gloves (worn)
 q - the +2 robe "Zalec" (worn) {rElec Int+4 SInv}
   (You found it on level 5 of the Dungeon)

   Int:       It affects your intelligence (+4).
   rElec:     It insulates you from electricity.
   SInv:      It lets you see invisible.
 v - a +0 helmet (worn)
 C - a +0 buckler
Jewellery
 l - a ring of protection from cold (left hand)
Wands
 u - a wand of paralysis (19)
 B - a wand of polymorph (3)
Scrolls
 a - a scroll of poison {unknown}
 e - 3 scrolls of blinking {unknown}
 f - 2 scrolls of vulnerability {unknown}
 g - 3 scrolls of identify {unknown}
 i - 2 scrolls of teleportation
 k - a scroll of magic mapping {unknown}
 m - 2 scrolls of immolation
 r - a scroll of fog {unknown}
 t - a scroll of silence {unknown}
 w - 4 scrolls of enchant weapon
 y - a scroll of enchant armour {unknown}
 D - a scroll of amnesia {unknown}
Potions
 b - 3 potions of magic
 c - a potion of heal wounds
 h - a potion of invisibility {unknown}
 j - 2 potions of attraction {unknown}
 n - 2 potions of might {unknown}
 o - 3 potions of brilliance {unknown}
 s - 3 potions of curing {unknown}
 x - a potion of haste {unknown}
 z - a potion of mutation {unknown}
 A - a potion of flight {unknown}


   Skills:
 + Level 5.6 Fighting
 + Level 6.0 Ranged Weapons
 + Level 6.1 Dodging
 - Level 4.0 Stealth
 + Level 1.4 Shields
 + Level 9.6 Spellcasting
 - Level 5.5 Conjurations
 * Level 10.5 Air Magic


You had 18 spell levels left.
You knew the following spells:

 Your Spells              Type           Power      Damage    Failure   Level
a - Shock                 Conj/Air       100%       1d9       1%          1
b - Static Discharge      Conj/Air       100%       2-7/arc   1%          2
c - Swiftness             Air            59%        N/A       1%          3
d - Airstrike             Air            29%        2d(5-21)  1%          4

Your spell library contained the following spells:

 Spells                   Type           Power      Damage    Failure   Level
 Hailstorm                Conj/Ice       26%        3d7       4%          3


Dungeon Overview and Level Annotations

Branches:
Dungeon (9/15)             Temple (1/1) D:7          Bailey (visited)
   Lair: D:8-11         Orc: D:9-12

Altars:
Dithmenos
Elyvilon
Fedhas
Gozag
Hepliaklqana
Kikubaaqudgha
Nemelex Xobeh
Qazlal
Ru
Sif Muna
Trog
Uskayaw
Vehumet
Xom
Zin
The Shining One

Annotations:
D:5 Edmund
D:6 1 runed translucent door, Maggie; Wentworth's ghost, novice MiFi
D:8 exclusion: two-headed ogre


Message History

The warg is moderately wounded.
An orc comes into view. It is wielding a +0 mace.
Casting: Shock (safe; 1% risk of failure)
Confirm with . or Enter, or press ? or * to list all spells.
You don't have enough magic to cast this spell.
Unknown command.
You shoot a sling bullet.
The sling bullet closely misses the warg.
The orc shouts!
You hear an angry buzzing noise.
The warg bites you!
You shoot a sling bullet. The sling bullet hits the warg.
The warg is heavily wounded.
The warg bites you but does no damage. The warg barely misses you.
You shoot a sling bullet.
The sling bullet closely misses the warg.
The orc priest mumbles some strange prayers to Beogh against you.
Pain shoots through your body! The warg barely misses you.
You shoot a sling bullet.
The sling bullet hits the warg but does no damage.
The warg is heavily wounded.
The warg closely misses you. The warg bites you. The warg misses you.
You climb upwards.
Level annotation: exclusion: two-headed ogre
There is a stone staircase leading down here.
You shoot a sling bullet. The sling bullet misses the warg.
The warg misses you.
You shoot a sling bullet.
The sling bullet barely misses the warg.
The warg bites you! x2
* * * LOW HITPOINT WARNING * * *
Casting: Shock (safe; 1% risk of failure)
Confirm with . or Enter, or press ? or * to list all spells.
Aiming: Airstrike (dangerous; 1% risk of failure)
Press: ? - help, Dir - move target, f/p - warg
Aim: a warg (moderately wounded, empty space bonus: 1/8)
The air twists around and strikes the warg!
The warg is severely wounded.
The warg bites you!
You die...

.#.#####.####
#.# .#.# #.#
#.# .#.# #.#
#.# †#.# #.#
#.#
.#.#####.#
#.#
.#[...##.#
######.#
..##.#.#.#
#......#
.[..###..#
#.######
..##.#.###
#h@...#
#####.####
#####.#
#........#
#.#
#####.##.#
#[# #.##.#
#[# #.##.#
#.# #.##.#
#.#
#####.##.#
#)#
#..##.##.#
#.#


You could see a warg.

Vanquished Creatures
  Pikel (D:5)
  A hornet (D:9)
  Grinder (D:5)
  Sigmund (D:5)
  Eustachio (D:5)
  A vampire (D:8)
  Grum (D:9)
  Menkaure (D:6)
  4 water moccasins
  A sky beast (D:8)
  12 orc warriors
  A black bear (D:5)
  3 wolves (D:9)
  10 centaurs (Bailey)
  A lemure (D:5)
  A kobold brigand (D:8)
  3 phantoms
  3 bullfrogs
  Blork the orc (D:5)
  14 wights
  5 killer bees
  2 howler monkeys (D:7)
  A bullfrog zombie (D:4)
  5 hounds
  6 jellies
  5 orc priests
  2 sleepcaps
  3 iguanas
  6 orc wizards
  A hound zombie (D:4)
  A hound skeleton (D:4)
  7 gnolls
  3 adders
  A shadow imp (D:7)
  2 white imps
  3 ufetubi
  An adder zombie (D:4)
  A worm (D:2)
  A dart slug (D:1)
  47 orcs
  4 bats
  3 endoplasms
  A giant cockroach (D:1)
  6 hobgoblins
  4 jackals (D:2)
  4 quokkas
  6 ball pythons
  2 frilled lizards (D:1)
  7 goblins
  10 kobolds
  8 rats
220 creatures vanquished.

Notes
Turn   | Place    | Note
-------+----------+-------------------------------------------
     0 | D:1      | LustLizard the Deep Elf Air Elementalist began the quest
                  | for the Orb.
     0 | D:1      | Reached XP level 1. HP: 10/10 MP: 6/6
   238 | D:1      | Reached XP level 2. HP: 15/15 MP: 5/8
   640 | D:1      | Reached XP level 3. HP: 20/20 MP: 5/9
   643 | D:1      | Learned a level 2 spell: Static Discharge
   647 | D:1      | Learned a level 3 spell: Swiftness
  1215 | D:2      | Found a faded altar of an unknown god.
  1962 | D:2      | Reached XP level 4. HP: 24/24 MP: 6/11
  2089 | D:3      | Reached skill level 1 in Fighting
  2264 | D:3      | Reached skill level 4 in Air Magic
  2436 | D:3      | Found a shimmering altar of Xom.
  2865 | D:4      | Reached XP level 5. HP: 21/29 MP: 5/13
  2870 | D:4      | Learned a level 4 spell: Airstrike
  3024 | D:4      | Identified the +0 sling "Killer Klown's Foe" {drain, rElec
                  | Will+ Str-4 Stlth+}
  3250 | D:4      | Noticed a phantom
  3260 | D:4      | Killed a phantom
  3261 | D:4      | Reached XP level 6. HP: 33/35 MP: 4/14
  3603 | D:4      | Reached skill level 5 in Air Magic
  3799 | D:4      | Reached skill level 5 in Spellcasting
  4309 | D:5      | Entered Level 5 of the Dungeon
  4340 | D:5      | Noticed Blork the orc
  4425 | D:5      | Killed Blork the orc
  4426 | D:5      | Reached XP level 7. HP: 16/40 MP: 5/16
  4726 | D:5      | Noticed Edmund
  4747 | D:5      | Identified the +2 robe "Zalec" {rElec Int+4 SInv}
  4764 | D:5      | Noticed Grinder
  4976 | D:5      | Noticed Sigmund
  4978 | D:5      | Noticed Eustachio
  4986 | D:5      | Killed Sigmund
  4987 | D:5      | Reached skill level 6 in Air Magic
  5515 | D:6      | Noticed Pikel
  5516 | D:6      | Noticed Maggie
  5525 | D:5      | Killed Pikel
  5526 | D:5      | Reached skill level 7 in Air Magic
  5526 | D:5      | Reached XP level 8. HP: 23/46 MP: 3/19
  5652 | D:6      | Reached skill level 5 in Conjurations
  6098 | D:6      | Found a runed translucent door.
  6100 | D:6      | Noticed Wentworth's ghost (novice MiFi)
  6217 | D:6      | Reached XP level 9. HP: 52/52 MP: 17/22
  6242 | D:6      | Noticed Menkaure
  6245 | D:6      | Killed Menkaure
  6246 | D:6      | Reached skill level 8 in Air Magic
  6333 | D:6      | Reached skill level 1 in Ranged Weapons
  6861 | D:6      | Identified the +2 flail of Checkmate {freeze, SInv}
  6996 | D:6      | Noticed a two-headed ogre
  7077 | D:7      | Found a staircase to the Ecumenical Temple.
  7085 | Temple   | Entered the Ecumenical Temple
  7223 | Temple   | Became a worshipper of Vehumet
  7435 | D:7      | Found a flagged portal.
  7444 | Bailey   | Entered a bailey
  8313 | Bailey   | Reached skill level 9 in Air Magic
  8385 | Bailey   | Reached * piety under Vehumet
  8385 | Bailey   | Offered knowledge of Freeze by Vehumet.
  8849 | Bailey   | Reached XP level 10. HP: 58/58 MP: 15/24
  9052 | Bailey   | Identified the +7 triple sword of Meum {freeze, rF+}
  9295 | D:7      | Reached skill level 5 in Fighting
  9299 | D:7      | Reached skill level 5 in Dodging
  9821 | D:8      | Offered knowledge of Kiss of Death by Vehumet.
  9823 | D:8      | Reached ** piety under Vehumet
 10279 | D:8      | Reached skill level 5 in Ranged Weapons
 10556 | D:8      | Reached skill level 10 in Air Magic
 10930 | D:8      | Noticed a two-headed ogre
 11408 | D:5      | Killed Eustachio
 11444 | D:5      | Killed Grinder
 11894 | D:8      | Noticed a manticore
 11914 | D:8      | Reached skill level 1 in Shields
 11975 | D:9      | Noticed Grum
 11975 | D:9      | Found an ancient bone altar of Kikubaaqudgha.
 11982 | D:9      | Killed Grum
 12114 | D:9      | Offered knowledge of Hailstorm by Vehumet.
 12139 | D:8      | Slain by a warg

Illustrated notes

Levels and vault maps discovered:
D:1:      saegor_arrival_simple_e, layout_basic, hangedman_decor_points
D:2:      layout_loops_ring, serial_glass, glass_columns_a, glass_columns_c,
          hellmonk_ecumenical_altar_slurped_away, kennysheep_generic_room_7
D:3:      layout_loops_cross, xom_teletrap_fun
D:4:      layout_basic, serial_undead, serial_undead_e, serial_undead_b,
          serial_undead_e, serial_undead_c
D:5:      layout_loops_ring, roderic_lattice_a, uniq_blork_the_orc, uniq_edmund,
          uniq_eustachio, uniq_sigmund, uniq_grinder
D:6:      layout_loops_ring, ebering_ghost_inner_flame,
          nicolae_nh_ransacked_shop, uniq_pikel, uniq_maggie, uniq_menkaure
D:7:      layout_cave_pools, minmay_temple_entry_wispy, enter_bailey_3
D:8:      minmay_cornered_nines, layout_loops_ring
D:9:      layout_rooms, tgw_kikubaaqudgha, erik_lair_orcish_takeover, uniq_grum
Temple:   mainiacjoe_temple_big_plus

Skill      XL: |  1  2  3  4  5  6  7  8  9 10 |
---------------+-------------------------------+-----
Stealth        | 3 4 |  4.0
Conjurations   | 2 3 4 5 |  5.5
Fighting       | 1 2 3 4 5 |  5.6
Air Magic      | 4 5 7 9 10 | 10.5
Spellcasting   | 4 5 6 7 8 9 |  9.6
Ranged Weapons | 4 6 |  6.0
Dodging        | 4 6 |  6.1
Shields        | 1 |  1.4

Action                     |  1- 3 |  4- 6 |  7- 9 | 10-12 || total
---------------------------+-------+-------+-------+-------++-------
  Melee: Dagger            |     2 |     6 |       |       ||     8
   Fire: Sling             |       |     5 |       |     6 ||    11
   Cast: Shock             |    92 |    82 |   168 |    72 ||   414
         Static Discharge  |     2 |    26 |    26 |     4 ||    58
         Airstrike         |       |       |    49 |    70 ||   119
    Use: Scroll            |       |     2 |       |       ||     2
   Stab: Sleeping          |     1 |       |       |       ||     1
 Armour: Robe              |     4 |     5 |     3 |     2 ||    14
  Dodge: Dodged            |     7 |    14 |    23 |    15 ||    59
